 Dungeon Crawl Stone Soup version 0.28-a0-984-g3775c662fe (webtiles) character file.

Game seed: 2586410307634877251

691 Redcow54321 the Grappler (level 7, 0/66 HPs)
             Began as a Troll Fighter on Dec 3, 2021.
             Slain by a killer bee (7 damage)
             ... on level 4 of the Dungeon.
             The game lasted 00:04:44 (2529 turns).

Redcow54321 the Grappler (Troll Fighter)            Turns: 2529, Time: 00:04:45

Health: 0/66       AC:  4    Str: 27    XL:     7   Next: 36%
Magic:  6/6        EV: 10    Int:  4    God:
Gold:   130        SH:  0    Dex: 15    Spells: 6/6 levels left

rFire   . . .      SeeInvis .     - Unarmed
rCold   . . .      Faith    .   (no shield)
rNeg    . . .      Spirit   .   a - +0 robe
rPois   .          Reflect  .   (helmet restricted)
rElec   .          Harm     .   (no cloak)
rCorr   .          Rampage  .   (gloves unavailable)
Will    .....                   (boots unavailable)
Stlth   +.........              e - amulet of regeneration
HPRegen 1.81/turn               f - +6 ring of dexterity
MPRegen 0.10/turn               (no ring)

@: lethally poisoned (0 -> -1)
A: large, unfitting armour, claws 3, regeneration 1, shaggy fur 1, tough skin 1
a: no special abilities


You were on level 4 of the Dungeon.
You visited 1 branch of the dungeon, and saw 4 of its levels.

You collected 130 gold pieces.

Inventory:

Missiles
 p - 2 throwing nets (quivered)
Armour
 a - a +0 robe (worn)
 b - a +0 kite shield
Jewellery
 e - an amulet of regeneration (around neck)
 f - a +6 ring of dexterity (left claw)
Wands
 q - a wand of digging (3)
Scrolls
 h - a scroll of blinking {unknown}
 i - 2 scrolls of teleportation {unknown}
 k - 2 scrolls of fear {unknown}
 l - a scroll of noise {unknown}
 n - a scroll of enchant armour {unknown}
 o - a scroll of acquirement {unknown}
 t - 2 scrolls of identify {unknown}
Potions
 c - a potion of might
 d - a potion of attraction {unknown}
 g - a potion of ambrosia {unknown}
 j - a potion of mutation {unknown}
 m - 4 potions of curing {unknown}
 r - a potion of magic {unknown}
 s - a potion of berserk rage {unknown}
 u - a potion of invisibility {unknown}


   Skills:
 - Level 2.4 Fighting
 - Level 2.4 Dodging
 - Level 2.4 Shields
 * Level 8.4 Unarmed Combat


You had 6 spell levels left.
You didn't know any spells.
Your spell library contained the following spells:

 Spells                   Type           Power      Damage    Failure   Level
 Passwall                 Tmut/Erth      0%         N/A       65%         2
 Swiftness                Air            0%         N/A       86%         3


Dungeon Overview and Level Annotations

Branches:
Dungeon (4/15)
 Temple: D:4-7

Altars:
Elyvilon

Shops:
D:4 (

Annotations:
D:4 1 runed translucent door, Crazy Yiuf


Innate Abilities, Weirdness & Mutations

You are too large for most types of armour.
You have claws for hands.
Your natural rate of healing is unusually fast.
You are covered in fur. (AC +1)
You have tough skin. (AC +1)


Message History

The killer bee closely misses you. x2
You feel sick.
The killer bee stings you but does no damage.
The killer bee closely misses you. The killer bee barely misses you.
You feel sick.
You miss the killer bee.
You feel sick. The killer bee closely misses you. x2
The killer bee misses you.
You feel sick.
The killer bee stings you but does no damage.
The killer bee completely misses you.
You feel sick.
You feel sick. The killer bee closely misses you.
The killer bee barely misses you. The killer bee stings you.
You feel sick.
You feel sick.
You are no longer poisoned.
The killer bee stings you.
You mangle the killer bee!!
You kill the killer bee!
The killer bee stings you!
You are poisoned.
The killer bee poisons you! The killer bee barely misses you.
You feel sick. The killer bee stings you.
You feel sick. The killer bee stings you.
You are more poisoned.
The killer bee poisons you!
You feel sick.
The killer bee stings you but does no damage.
You feel sick. The killer bee stings you.
* * * LOW HITPOINT WARNING * * *
You feel sick. The killer bee stings you!
* * * LOW HITPOINT WARNING * * *
You are more poisoned.
The killer bee poisons you!
You feel very sick. The killer bee barely misses you.
You miss the killer bee.
You feel very sick. The killer bee stings you!
You die...

....####+##.......#
....#.....#.......#
##..#.....#.......#
#..#.....#.......#
#..'.....+.......#
#<.#.....#.......#
#..#.....#.......#
#..#.....#.......#
#..#####+#.....@.#
#..# #.....y.# #..#
#..(....# #..#
+.......# #..#
#.......# #.......#
########......<#
#..............#
+..............#


You could see a killer bee.

Vanquished Creatures
  Sigmund (D:3)
  3 killer bees (D:4)
  2 orc priests (D:4)
  An iguana (D:4)
  Natasha (thrice) (D:2)
  3 orc wizards (D:4)
  Terence (D:3)
  4 gnolls (D:3)
  An adder skeleton (D:3)
  2 worms (D:2)
  5 dart slugs
  13 orcs
  5 endoplasms
  3 giant cockroaches
  6 goblins
  9 hobgoblins
  2 jackals (D:3)
  6 kobolds
  4 quokkas
  6 ball pythons
  5 bats
  4 frilled lizards
  7 rats
96 creatures vanquished.

Notes
Turn   | Place    | Note
-------+----------+-------------------------------------------
     0 | D:1      | Redcow54321 the Troll Fighter began the quest for the Orb.
     0 | D:1      | Reached XP level 1. HP: 22/22 MP: 0/0
   331 | D:1      | Reached XP level 2. HP: 29/29 MP: 1/1
   337 | D:1      | Reached skill level 3 in Unarmed Combat
   587 | D:1      | Found a faded altar of an unknown god.
   590 | D:1      | Reached XP level 3. HP: 34/36 MP: 2/2
   864 | D:2      | Noticed Natasha
   870 | D:2      | Killed Natasha
   871 | D:2      | Reached skill level 4 in Unarmed Combat
   919 | D:2      | Reached XP level 4. HP: 44/44 MP: 3/3
   941 | D:2      | Noticed Natasha
   956 | D:2      | Killed Natasha
   984 | D:2      | Found a white marble altar of Elyvilon.
  1108 | D:2      | Noticed Natasha
  1125 | D:2      | Killed Natasha
  1126 | D:2      | Reached skill level 5 in Unarmed Combat
  1166 | D:2      | Reached XP level 5. HP: 50/50 MP: 4/4
  1493 | D:3      | Noticed Sigmund
  1510 | D:3      | Killed Sigmund
  1511 | D:3      | Reached skill level 6 in Unarmed Combat
  1511 | D:3      | Reached XP level 6. HP: 52/59 MP: 5/5
  1651 | D:3      | Noticed Terence
  1660 | D:3      | Killed Terence
  1669 | D:3      | Reached skill level 7 in Unarmed Combat
  2122 | D:4      | Reached XP level 7. HP: 43/66 MP: 6/6
  2451 | D:4      | Found a runed translucent door.
  2452 | D:4      | Noticed Crazy Yiuf
  2500 | D:4      | Found Guah's Weapon Boutique.
  2507 | D:4      | Reached skill level 8 in Unarmed Combat
  2529 | D:4      | Slain by a killer bee

Illustrated notes

Levels and vault maps discovered:
D:1:      dpeg_arrival_solitude, layout_loops_ring,
          shapermc_ecumenical_altar_mp_highgroup, minmay_misc_feat_more_columns
D:2:      layout_rooms, basic_altar, hangedman_decor_riveting, uniq_natasha
D:3:      layout_basic, uniq_sigmund, uniq_terence
D:4:      layout_gridville, serial_shops, nicolae_diamond_shop,
          uniq_crazy_yiuf_cottage

Skill      XL: |  1  2  3  4  5  6  7 |
---------------+----------------------+-----
Unarmed Combat | 3 4 5 6 7 8 |  8.4
Fighting       | |  2.4
Dodging        | |  2.4
Shields        | |  2.4

Action                   |  1- 3 |  4- 6 |  7- 9 || total
-------------------------+-------+-------+-------++-------
Melee: Unarmed           |    86 |   160 |    13 ||   259
       Punch             |     1 |     1 |     1 ||     3
Armor: Robe              |    32 |    41 |     6 ||    79
Dodge: Dodged            |    58 |    62 |    20 ||   140

Table legend: (Time is in decaauts)
 A = Elapsed time spent in this place.
 B = Non-inter-level travel time spent in this place.
 C = Inter-level travel time spent in this place.
 D = Time resting spent in this place.
 E = Time spent auto-exploring this place.
 F = Levels seen in this place.
 G = Mean time per level.
                   A        B        C        D        E       F      G
               +--------+--------+--------+--------+--------+-----+--------+
         Total |   2511 |   2435 |     76 |      0 |   1840 |   4 |  627.8 |
       Dungeon |   2511 |   2435 |     76 |      0 |   1840 |   4 |  627.8 |
               +--------+--------+--------+--------+--------+-----+--------+

Top non-repeatable levels by time:
     D:1: 847 daAuts
     D:4: 634 daAuts
     D:3: 539 daAuts
     D:2: 489 daAuts
